 Dungeon Crawl Stone Soup version 0.28-a0-1312-g71652a0 (webtiles) character file.

Game seed: 7487570453861568619

866 Meow the Chiller (level 8, -6/62 HPs)
             Began as a Naga Ice Elementalist on Dec 27, 2021.
             Mangled by a yak (14 damage)
             ... on level 4 of the Dungeon.
             The game lasted 00:08:58 (2959 turns).

Meow the Chiller (Naga Ice Elementalist)            Turns: 2959, Time: 00:08:59

Health: -6/62      AC:  7    Str: 10    XL:     8   Next: 3%
Magic:  7/17       EV:  8    Int: 18    God:
Gold:   103        SH:  0    Dex: 12    Spells: 8/19 levels left

rFire   . . .      SeeInvis +   a - +1 falchion (vorpal)
rCold   . . .      Faith    .   (no shield)
rNeg    . . .      Spirit   .   b - +0 robe
rPois   +          Reflect  .   (no helmet)
rElec   .          Harm     .   (no cloak)
rCorr   .          Rampage  .   (no gloves)
Will    +....                   g - +0 barding
Stlth   ++........              (no amulet)
HPRegen 0.20/turn               e - ring of wizardry
MPRegen 0.15/turn               (no ring)

@: short of breath, very slow
A: AC +2, large, see invisible, deformed body, poison resistance, slowness 2,
spit poison 1, naga tail 1
a: Spit Poison


You were on level 4 of the Dungeon.
You visited 1 branch of the dungeon, and saw 4 of its levels.

You collected 103 gold pieces.

Inventory:

Hand Weapons
 a - a +1 vorpal falchion (weapon)
 d - a +0 rapier
 n - a +0 whip of electrocution
 t - a +2 short sword of venom
Missiles
 f - 103 stones
 i - 20 arrows
 j - 48 bolts
Armour
 b - a +0 robe (worn)
 g - a +0 barding (worn)
Jewellery
 e - a ring of wizardry (left hand)
Wands
 q - a wand of flame (11)
Scrolls
 h - 2 scrolls of teleportation
 k - a scroll of amnesia
 l - a scroll of immolation
 m - a scroll of enchant weapon {unknown}
 s - a scroll of magic mapping {unknown}
Potions
 p - a potion of haste


   Skills:
 - Level 1.5 Dodging
 - Level 3.0 Stealth
 - Level 6.0 Spellcasting
 + Level 7.4 Ice Magic


You had 8 spell levels left.
You knew the following spells:

 Your Spells              Type           Power      Damage    Failure   Level
a - Freeze                Ice            100%       1d11      1%          1
b - Hailstorm             Conj/Ice       18%        3d6       11%         4
e - Ozocubu's Armour      Ice            32%        N/A       1%          3
f - Frozen Ramparts       Ice            64%        1d8       1%          3

Your spell library contained the following spells:

 Spells                   Type           Power      Damage    Failure   Level


Dungeon Overview and Level Annotations

Branches:
Dungeon (4/15)
 Temple: D:4-7

Altars:
Dithmenos

Shops:
D:1 *

Annotations:
D:2 1 runed translucent door, Crazy Yiuf


Innate Abilities, Weirdness & Mutations

Your serpentine skin is tough. (AC +2)
You have supernaturally acute eyesight. (SInv)
Armour fits poorly on your strangely shaped body.
Your system is resistant to poisons. (rPois)
You cover ground very slowly.
You can spit poison.
You have a snake-like lower body.


Message History

Aim: a yak (severely wounded)
The splash of poison hits the yak.
The yak is poisoned.
The yak is almost dead.
The wall freezes the yak.
The wall freezes the yak!
You kill the yak!
Training target 6.0 for Spellcasting reached!
Your Spellcasting skill increases to level 6!
You have reached level 8!
You feel agile.
The wall freezes the yak. x2
Unknown command.
Casting: Frozen Ramparts (safe; 1% risk of failure)
Confirm with . or Enter, or press ? or * to list all spells.
Aiming: Freeze (safe; 1% risk of failure)
Press: ? - help, Shift-Dir - straight line, f - yak
Aim: a yak (severely wounded)
You freeze the yak.
The yak is severely wounded.
The wall freezes the yak.
The yak gores you!
* * * LOW HITPOINT WARNING * * *
The wall freezes the yak!
Unknown command.
Okay, then.
You feel better.
The wall freezes the yak.
The yak gores you!
* * * LOW HITPOINT WARNING * * *
The jackal skeleton completely resists.
The wall freezes the jackal skeleton but does no damage.
The wall freezes the yak!
Unknown command.
Unknown command.
Your frozen ramparts will break if you move.
Continue?
The frozen ramparts melt away as you move.
You have got your breath back.
Aiming: Spit Poison (1% risk of failure)
Press: ? - help, Shift-Dir - straight line, f/p - yak
Aim: a yak (almost dead)
The splash of poison hits the yak.
The yak is poisoned.
The yak is almost dead.
The yak gores you!
You die...

# #.. #.#......#
. .. #........#
## #. #.#......#
#
##.#####........#
#
.........########
###.###.##
#.[....#
####.######
#YY@........
#.##.##.####
#†##(# # #Z##..
#.##### #.. ...
... .##.


You could see 2 yaks.

Vanquished Creatures
  3 yaks (D:4)
  A black bear (D:4)
  A lemure (D:3)
  A water moccasin skeleton (D:4)
  A howler monkey (D:3)
  An orc priest (D:2)
  A centaur skeleton (D:4)
  An orc wizard (D:2)
  7 adders
  3 worms (D:2)
  3 dart slugs
  6 orcs
  6 ball pythons
  A bat (D:1)
  4 endoplasms
  3 giant cockroaches
  3 hobgoblins (D:1)
  14 jackals
  3 quokkas
  5 frilled lizards
  3 goblins
  5 kobolds
  5 rats
81 creatures vanquished.

Vanquished Creatures (others)
  29 plants (D:1)
29 creatures vanquished.

Grand Total: 110 creatures vanquished

Notes
Turn   | Place    | Note
-------+----------+-------------------------------------------
     0 | D:1      | Meow the Naga Ice Elementalist began the quest for the Orb.
     0 | D:1      | Reached XP level 1. HP: 15/15 MP: 3/3
   283 | D:1      | Reached XP level 2. HP: 22/22 MP: 3/5
   319 | D:1      | Found Tafaip's Assorted Antiques.
   473 | D:1      | Reached XP level 3. HP: 28/28 MP: 6/6
   477 | D:1      | Learned a level 3 spell: Frozen Ramparts
  1021 | D:3      | Reached skill level 5 in Ice Magic
  1021 | D:3      | Reached XP level 4. HP: 34/36 MP: 5/9
  1026 | D:3      | Learned a level 4 spell: Hailstorm
  1796 | D:3      | Reached XP level 5. HP: 42/42 MP: 10/10
  2069 | D:2      | Found a runed translucent door.
  2070 | D:2      | Noticed Crazy Yiuf
  2111 | D:2      | Found a shadowy altar of Dithmenos.
  2347 | D:2      | Reached XP level 6. HP: 49/49 MP: 12/12
  2652 | D:4      | Noticed a black bear
  2659 | D:4      | Killed a black bear
  2660 | D:4      | Reached skill level 6 in Ice Magic
  2921 | D:3      | Learned a level 3 spell: Ozocubu's Armour
  2939 | D:4      | Noticed a yak
  2939 | D:4      | Noticed a yak
  2941 | D:4      | Noticed a yak
  2943 | D:4      | Noticed a yak
  2945 | D:4      | Noticed a yak
  2946 | D:4      | Killed a yak
  2947 | D:4      | Reached skill level 5 in Spellcasting
  2947 | D:4      | Reached XP level 7. HP: 37/55 MP: 11/14
  2949 | D:4      | Killed a yak
  2950 | D:4      | Reached skill level 7 in Ice Magic
  2953 | D:4      | Killed a yak
  2954 | D:4      | Reached XP level 8. HP: 27/62 MP: 7/17
  2959 | D:4      | Mangled by a yak

Illustrated notes

Levels and vault maps discovered:
D:1:      roderic_crop_circles_arrival_small, layout_rooms, serial_shops,
          nicolae_shop_waterfront
D:2:      cheibrodos_pilgrimage, layout_basic, basic_altar,
          uniq_crazy_yiuf_cottage
D:3:      layout_basic
D:4:      layout_loops_cross, uniq_pikel, uniq_grinder

Skill      XL: |  1  2  3  4  5  6  7 |
---------------+----------------------+-----
Spellcasting   | 3 4 5 6 |  6.0
Ice Magic      | 5 6 7 |  7.4
Dodging        | |  1.5
Stealth        | |  3.0

Action                   |  1- 3 |  4- 6 |  7- 9 || total
-------------------------+-------+-------+-------++-------
Melee: Unarmed           |     8 |       |       ||     8
       Short sword       |     1 |    60 |       ||    61
       Falchion          |       |    20 |     2 ||    22
 Cast: Freeze            |    26 |     7 |     3 ||    36
       Frozen Ramparts   |       |    10 |     1 ||    11
 Abil: Spit Poison       |    34 |    27 |     3 ||    64
  Use: Scroll            |       |     4 |       ||     4
       Potion            |       |     2 |     1 ||     3
 Stab: Sleeping          |       |     1 |       ||     1
Armor: Robe              |     8 |    66 |     2 ||    76
Dodge: Dodged            |    14 |    25 |     1 ||    40

Table legend: (Time is in decaauts)
 A = Elapsed time spent in this place.
 B = Non-inter-level travel time spent in this place.
 C = Inter-level travel time spent in this place.
 D = Time resting spent in this place.
 E = Time spent auto-exploring this place.
 F = Levels seen in this place.
 G = Mean time per level.
                   A        B        C        D        E       F      G
               +--------+--------+--------+--------+--------+-----+--------+
         Total |   3776 |   3557 |    219 |    566 |   2231 |   4 |  944.0 |
       Dungeon |   3776 |   3557 |    219 |    566 |   2231 |   4 |  944.0 |
               +--------+--------+--------+--------+--------+-----+--------+

Top non-repeatable levels by time:
     D:3: 1338 daAuts
     D:1: 1088 daAuts
     D:2: 1080 daAuts
     D:4: 268 daAuts
